[Event "Live Chess"]
[Site "Chess.com"]
[Date "2023.05.21"]
[Round "-"]
[White "JoeRoot66"]
[Black "RichardABates"]
[Result "0-1"]
[WhiteElo "1901"]
[BlackElo "2148"]
[TimeControl "300"]
[EndTime "7:00:56 PDT"]
[Termination "RichardABates won by resignation"]

1. e4 c5 2. c3 Nf6 3. e5 Nd5 4. d4 cxd4 5. Nf3 e6 6. cxd4 d6 7.
Bc4 Be7 8. Bxd5 exd5 9. Nc3 Be6 10.
O-O O-O 11. Re1 Nc6 12. Bf4 dxe5 13. Nxe5 Nxe5 14. Bxe5 Rc8 15. Rc1 Qd7 16. a3 Bg5 17. f4 Bh4 18. g3 Be7 19. Qf3 f6 20. f5 Bf7 21. Bf4 Bd8 22. a4 Bb6 23. Nb5 Rxc1 24. Rxc1 a6 25. Bc7 Bxc7 26. Rxc7 Qd8 27. Rxb7 axb5 28. Rxb5 Re8 29. Kf2 Qe7 30. a5 Qe1+ 31.
Kg2 h5 32. a6 Re2+ 33. Kh3 Rf2 34. Qxf2 Qxf2 35. a7 Qf1+ 36. Kh4 Qxb5 37. a8=Q+ Kh7 0-1

[Event "Live Chess"]
[Site "Chess.com"]
[Date "2023.05.21"]
[Round "-"]
[White "bedsdrout"]
[Black "KeithArkell"]
[Result "1-0"]
[WhiteElo "1481"]
[BlackElo "2474"]
[TimeControl "300"]
[EndTime "7:01:03 PDT"]
[Termination "bedsdrout won by checkmate"]

1. e3 c5 2. Qh5 e6 3. Nf3 Nf6 4. Qh3 d6 5. d4 e5 6. Bb5+ Nc6 7. Qh4 cxd4 8. O-O dxe3 9. Bxe3 Be7 10. Rd1 Bd7 11. Nc3 O-O 12. h3 Nd5 13. Ng5 h6 14.
Nxd5 Bxg5 15. Bxg5 Qxg5 16. Qxg5 hxg5 17. Bxc6 Bxc6 18.
Ne7+ Kh7 19. Nxc6 bxc6 20. Rxd6 Rfc8 21. g3 f6 22. Kg2 Rc7 23. Rad1 Rb8 24. b3 a5 25. Rd8 Rxd8 26. Rxd8 a4 27. b4 Rb7 28. c3 c5 29. bxc5 Rb5 30. Rd5 a3 31. Kf3 Kg6 32.
Ke4 Rb2 33. c6 f5+ 34. Kxe5 Rxa2 35. c7 Re2+ 36. Kd6 a2 37. c8=Q a1=Q 38. Qxf5+ Kh6 39. Qxg5+ Kh7 40. Qh4+ Kg8 41. Qd8+ Kh7 42. Rh5+ Kg6 43. Qg5+ Kf7 44. Qd5+ Kg6 45. Qf5# 1-0

[Event "Live Chess"]
[Site "Chess.com"]
[Date "2023.05.21"]
[Round "-"]
[White "HonestJoe1"]
[Black "hturner40"]
[Result "1-0"]
[WhiteElo "2091"]
[BlackElo "1767"]
[TimeControl "300"]
[EndTime "7:01:20 PDT"]
[Termination "HonestJoe1 won by resignation"]

1. d4 Nf6 2. c4 Nc6 3. Nf3 e5 4.
dxe5 Ng4 5. Nc3 Ngxe5 6. e3 Bb4 7. Bd2 d6 8. a3 Bxc3 9. Bxc3 O-O 10. Be2 Be6 11.
b3 f6 12. O-O d5 13. Nd4 Nxd4 14. exd4 Ng6 15. f4 Bf5 16. cxd5 Qxd5 17. Bc4 1-0

[Event "Live Chess"]
[Site "Chess.com"]
[Date "2023.05.21"]
[Round "-"]
[White "SimpleHarmonic1"]
[Black "chrisbradgate"]
[Result "1-0"]
[WhiteElo "2045"]
[BlackElo "864"]
[TimeControl "300"]
[EndTime "7:01:25 PDT"]
[Termination "SimpleHarmonic1 won by checkmate"]

1. e4 e5 2. Nf3 Nc6 3. Bc4 h6 4. d3 Nf6 5. O-O d6 6. h3 Qd7 7. Nc3 a6 8. a4 b5 9. axb5 Nb4 10.
bxa6 Bxa6 11. Bxa6 Nxa6 12. Ne2 Be7 13. Ng3 O-O 14.
Re1 Nc5 15. Be3 Qc6 16. c3 Rxa1 17. Qxa1 Ra8 18. Qb1 Qa6 19. Bxc5 dxc5 20. Nxe5 g5 21. Nf5 Bf8 22. d4 cxd4 23. cxd4 Bb4 24. Nxh6+ Kg7 25. Nf5+ Kh7 26. Rd1 Bd6 27. Nxf7 Kg6 28. N7xd6 cxd6 29. e5 dxe5 30. dxe5 Ne4 31. Qxe4 Qa5 32.
Rd6+ Kh5 33. Qg4# 1-0

[Event "Live Chess"]
[Site "Chess.com"]
[Date "2023.05.21"]
[Round "-"]
[White "ayanmahmood123"]
[Black "gmnorfolk"]
[Result "0-1"]
[WhiteElo "325"]
[BlackElo "2137"]
[TimeControl "300"]
[EndTime "7:01:27 PDT"]
[Termination "gmnorfolk won by resignation"]

1. e4 c5 2. Nf3 d6 3. d4 cxd4 4. Nxd4 Nf6 5. Nc3 a6 6. Bf4 e5 7. Bxe5 dxe5 8. Nf5 Qxd1+ 9. Rxd1 Bxf5 10. exf5 Nc6 11.
Bc4 Bb4 12. O-O Bxc3 13. bxc3 O-O 14. Rfe1 Rfd8 15. Rxd8+ Rxd8 16. a4 Rd2 17. Bb3 Kf8 18.
Rf1 Ke7 19. Re1 e4 20. f4 h5 21. g3 Na5 22. Ba2 Rxc2 23. Bb1 Rxc3 24. Rxe4+ Nxe4 25. Bxe4 Rc4 26. Bd3 Rxa4 27. Kf2 Ra2+ 28. Ke3 Rxh2 29. Kf3 Rb2 30. g4 hxg4+ 31. Kxg4 Kf6 32. Be4 Rb4 33. Bd5 Nc6 0-1

[Event "Live Chess"]
[Site "Chess.com"]
[Date "2023.05.21"]
[Round "-"]
[White "diana21strabt"]
[Black "whatnot126"]
[Result "0-1"]
[WhiteElo "1763"]
[BlackElo "2068"]
[TimeControl "300"]
[EndTime "7:01:30 PDT"]
[Termination "whatnot126 won by resignation"]

1. e4 d6 2. d4 Nf6 3. Nc3 g6 4. Nf3 Bg7 5. h3 O-O 6. Be3 c6 7. Qd2 Qa5 8. Be2 b5 9. O-O b4 10. Nd1 Nxe4 11. Qd3 Bf5 12. Qb3 Be6 13. Bc4 d5 14.
Bd3 f5 15. Ne5 Nd7 16. Nxc6 Qc7 17. Nxb4 Qd6 18. f3 Ng3 19. Re1 Rab8 20. a3 a5 21. Bd2 axb4 22. Bxb4 Bxd4+ 23. Ne3 Qb6 24. Bd2 f4 25. Qxb6 Rxb6 26. c3 Bxe3+ 27. Bxe3 fxe3 28.
Rxe3 Nc5 29. Rae1 Nf5 30. Bxf5 gxf5 31. b4 Ne4 32. fxe4 fxe4 33. c4 Ra8 34. cxd5 Bxd5 35. Rd1 e6 36. Kf2 Rba6 37. Ra1 Kf7 38. Kg3 Kf6 39.
Kf4 e5+ 40. Kg3 Ke6 41. Rc3 Rc6 42. Rxc6+ Bxc6 43. Kf2 Kd5 44. Ke3 Ba4 45. Rc1 Ra7 46.
Rc5+ Kd6 47. Kxe4 Bc6+ 48. Ke3 Rxa3+ 49. Kf2 Ra2+ 50. Ke1 Rxg2 51. Rc3 Rb2 52. Rc4 Bd5 53. Rh4 Bg8 54. Kd1 Kd5 55. Kc1 Rg2 56. b5 Kc5 57. Rh5 Kxb5 58. Rxe5+ Kc4 59. Rh5 Kc3 60. Kd1 Kd3 61.
Ke1 Ke3 62. Kf1 Rh2 63. Kg1 Rc2 64. Rg5 Bc4 65. Re5+ Kf4 66. Re1 Kg3 67. Re3+ Kh4 68. Re4+ Kg5 69. h4+ Kf5 70. Re1 Bd5 71. Rf1+ Kg4 72.
Rd1 Be4 73. Rd4 Kf4 74. h5 Rg2+ 75. Kf1 Rh2 76. Rd7 Rxh5 77. Rf7+ Ke5 78. Re7+ Kf4 79. Ke2 Rh2+ 80. Kd1 Ke3 81. Rf7 Rh1+ 0-1

[Event "Live Chess"]
[Site "Chess.com"]
[Date "2023.05.21"]
[Round "-"]
[White "OleksiyJr1"]
[Black "WelshTiger"]
[Result "0-1"]
[WhiteElo "1026"]
[BlackElo "2328"]
[TimeControl "300"]
[EndTime "7:01:39 PDT"]
[Termination "WelshTiger won by resignation"]

1. e4 c5 2. Nf3 d6 3. d4 cxd4 4. Qxd4 a6 5. Nc3 Nc6 6. Qe3 g6 7. Bd2 Bh6 8. O-O-O Bxe3 9. Bxe3 Nf6 10. Bg5 Qa5 11. Bxf6 exf6 0-1

[Event "Live Chess"]
[Site "Chess.com"]
[Date "2023.05.21"]
[Round "-"]
[White "CheckThis4"]
[Black "Olisingapore"]
[Result "1-0"]
[WhiteElo "2524"]
[BlackElo "1785"]
[TimeControl "300"]
[EndTime "7:01:43 PDT"]
[Termination "CheckThis4 won by resignation"]

1. d4 Nf6 2. Nc3 d5 3. e4 Nxe4 4. Nxe4 dxe4 5. Bc4 e5 6. Qh5 Qe7 7. c3 Nc6 8. Bg5 Qd7 9. O-O-O h6 10. dxe5 Qf5 11. Nh3 Be6 12. Bxe6 Qxe6 13. Bh4 Qxe5 14. Qxe5+ Nxe5 15. Rhe1 Bd6 16. Rxe4 O-O 17. Bg3 Rfe8 18. Kc2 f5 19. Re2 Rad8 20. Rde1 Kf7 21. Bxe5 Bxe5 22.
Rxe5 Rxe5 23. Rxe5 Kf6 24. Re2 g5 25. f4 g4 26. Nf2 1-0

[Event "Live Chess"]
[Site "Chess.com"]
[Date "2023.05.21"]
[Round "-"]
[White "Ian-Morley"]
[Black "lateforthesky"]
[Result "0-1"]
[WhiteElo "1087"]
[BlackElo "2111"]
[TimeControl "300"]
[EndTime "7:01:44 PDT"]
[Termination "lateforthesky won by resignation"]

1. e4 c5 2. Nf3 Nf6 3. Bb5 Nxe4 4. O-O Nf6 5. Re1 e6 6. Nc3 Be7 7. Ne4 O-O 8. Nxf6+ Bxf6 9. c3 d5 10. d4 cxd4 11.
cxd4 Nc6 12. Bxc6 bxc6 13. Rb1 Qa5 14. a3 c5 15. dxc5 Qxc5 16. Be3 Qd6 17. Bd4 Bxd4 18. Nxd4 Bd7 19. a4 Rac8 20. Nb5 Bxb5 21. axb5 Qb4 22.
Rc1 Qxb5 23. Rxc8 Rxc8 24. Qb1 g6 25. Rc1 Rxc1+ 26. Qxc1 Qc4 27. Qxc4 dxc4 28. Kf1 Kf8 29. Ke2 Ke7 30. Kd2 Kd6 31. Kc3 Kc5 32. b3 cxb3 33.
Kxb3 Kd4 0-1

[Event "Live Chess"]
[Site "Chess.com"]
[Date "2023.05.21"]
[Round "-"]
[White "domrobson"]
[Black "Cimon"]
[Result "0-1"]
[WhiteElo "1760"]
[BlackElo "1846"]
[TimeControl "300"]
[EndTime "7:02:20 PDT"]
[Termination "Cimon won by resignation"]

1. d4 d5 2. c4 c6 3. Nf3 Nf6 4. Nc3 dxc4 5. e3 b5 6. a4 b4 7. Na2 a5 8. Bxc4 e6 9. b3 Bb7 10. O-O Nbd7 11. Bb2 Be7 12. Rc1 O-O 13. Rc2 Rc8 14.
Nc1 c5 15. dxc5 Nxc5 16. Rd2 Qb6 17. Bd4 Qc7 18. Nd3 Nce4 19. Rc2 Qb8 20. Be5 Bd6 21.
Bxd6 Nxd6 22. Qc1 Nfe4 23. Nd4 Nc3 24. Rxc3 bxc3 25. Qxc3 Bd5 26. Rc1 Bxc4 27. bxc4 Rxc4 0-1

[Event "Live Chess"]
[Site "Chess.com"]
[Date "2023.05.21"]
[Round "-"]
[White "elephantgerrald"]
[Black "kevinmilleruk"]
[Result "0-1"]
[WhiteElo "667"]
[BlackElo "1150"]
[TimeControl "300"]
[EndTime "7:02:21 PDT"]
[Termination "kevinmilleruk won by checkmate"]

1. e4 e5 2. Nf3 Nc6 3. Bb5 Bc5 4. O-O d6 5. Nc3 Bg4 6. h3 Bxf3 7. Qxf3 Nf6 8. Nd5 Nxd5 9. exd5 a6 10. dxc6 axb5 11. cxb7 Rb8 12. Qc6+ Qd7 13. Qxd7+ Kxd7 14. a3 Rxb7 15. b4 Bb6 16. c3 c5 17. d3 c4 18.
Be3 cxd3 19. Bxb6 Rxb6 20. f3 Rc6 21. Rac1 Rhc8 22. Rfd1 Rxc3 23. Rxc3 Rxc3 24. Ra1 d2 25. Kf2 Rc2 26. Rd1 d5 27. Ke2 d4 28. Rxd2 Rxd2+ 29. Kxd2 Kd6 30. Kd3 Kd5 31. g4 g5 32. Kd2 Kc4 33. Kc2 d3+ 34. Kd2 h6 35. Kd1 Kc3 36. a4 bxa4 37. b5 a3 38. Kc1 d2+ 39. Kd1 a2 40. b6 a1=Q+ 41. Ke2 Qe1# 0-1

[Event "Live Chess"]
[Site "Chess.com"]
[Date "2023.05.21"]
[Round "-"]
[White "EdenHazard8"]
[Black "chessfiction"]
[Result "0-1"]
[WhiteElo "1963"]
[BlackElo "2307"]
[TimeControl "300"]
[EndTime "7:02:28 PDT"]
[Termination "chessfiction won by resignation"]

1. e4 d6 2. d4 Nf6 3. Nc3 c6 4. Be3 Qb6 5. f3 Qxb2 6. Bd2 Qa3 7. Rb1 g6 8. Bc4 Bg7 9. Nh3 O-O 10. O-O Bxh3 11.
gxh3 b5 12. Rb3 Qa6 13. Bd3 Nbd7 14. a4 Nh5 15. axb5 Bxd4+ 16. Kg2 cxb5 17. Bxb5 Qc8 18. Nd5 Re8 19. Bg5 Bf6 20. Bxf6 Ndxf6 21. Bxe8 Nxd5 22.
Bxf7+ Kxf7 23. Qxd5+ Kg7 24. Qg5 Qxc2+ 25. Rf2 Qxb3 26.
Qxe7+ Qf7 27. Qxd6 Rf8 28. Qd4+ Kg8 29. e5 Nf4+ 30. Kg3 Qe7 31. Qc4+ Kg7 32. h4 Qxe5 0-1

[Event "Live Chess"]
[Site "Chess.com"]
[Date "2023.05.21"]
[Round "-"]
[White "McSlash1"]
[Black "ossie57"]
[Result "1-0"]
[WhiteElo "2007"]
[BlackElo "1832"]
[TimeControl "300"]
[EndTime "7:02:39 PDT"]
[Termination "McSlash1 won on time"]

1. e4 c5 2. Nc3 d6 3. f4 g6 4.
Nf3 Bg7 5. Bc4 e6 6. O-O a6 7. f5 b5 8. Be2 Nf6 9. fxe6 Bxe6 10. a4 b4 11. Nb1 O-O 12. d3 Nc6 13. Ng5 Nd4 14.
Nxe6 fxe6 15. Be3 Nd7 16. Nd2 Nxe2+ 17. Qxe2 Bxb2 18. Rab1 Bg7 19. Nc4 Rxf1+ 20. Rxf1 d5 21. Nd6 Ne5 22. Bxc5 b3 23. cxb3 Rb8 24. b4 Bf8 25.
Nf7 Nxf7 26. Qf3 Ne5 27. Qh3 Bxc5+ 28. Kh1 Bd6 29. Qxe6+ Kg7 30. d4 Qe7 31. Qxd5 Nd3 32. e5 Rf8 33. Ra1 Nxe5 34. dxe5 Bxe5 35. Re1 Qf6 36.
Qc4 Qf2 37. Rd1 Bxh2 38. Kxh2 Kh6 39. Qc1+ Kg7 40. Qc7+ Kg8 41. Qg3 Qf4 42. Qxf4 Rxf4 43. Rd6 Rxb4 44. Rxa6 Kg7 45. a5 Kh6 46. Ra7 Ra4 47.
a6 Kg5 48. Kg3 h5 49. Kf2 Ra3 50. g3 Ra2+ 51. Ke3 Kg4 52. Rg7 1-0

[Event "Live Chess"]
[Site "Chess.com"]
[Date "2023.05.21"]
[Round "-"]
[White "manthanit"]
[Black "MartynColebrook"]
[Result "0-1"]
[WhiteElo "1081"]
[BlackElo "1335"]
[TimeControl "300"]
[EndTime "7:03:20 PDT"]
[Termination "MartynColebrook won on time"]

1. e4 d5 2. exd5 Qxd5 3. Nc3 Qa5 4. Nf3 Nf6 5. h3 e5 6. Be2 e4 7. Nh2 Bd6 8. O-O Nc6 9. d3 exd3 10. Bxd3 Bd7 11.
Re1+ Be6 12. a3 O-O-O 13. Qf3 Ne5 14. Qe2 Nxd3 15. cxd3 Bf5 16. Kh1 Bxh2 17. Kxh2 Bxd3 18. Qf3 Bg6 19. Bf4 Rd3 20. Qe2 Re8 21. Qf1 Qf5 22.
Bg3 Rd2 23. Rxe8+ Nxe8 24. Rd1 Rxb2 25. Nb5 Rxb5 26. f4 Qc5 27. Re1 Nf6 28. Re2 Kd7 29. Bf2 Qd5 0-1

[Event "Live Chess"]
[Site "Chess.com"]
[Date "2023.05.21"]
[Round "-"]
[White "DoYouLikeCurry"]
[Black "onemoretime1975"]
[Result "1-0"]
[WhiteElo "1445"]
[BlackElo "1839"]
[TimeControl "300"]
[EndTime "7:03:23 PDT"]
[Termination "DoYouLikeCurry won by resignation"]

1. e4 e6 2. d4 d5 3. e5 c5 4. c3 Nc6 5. Nf3 Bd7 6. a3 a5 7. Be2 Qb6 8. O-O g6 9. a4 cxd4 10. cxd4 Nb4 11. Nc3 h5 12. Bd2 Nh6 13. Rc1 Nf5 14.
Nb5 Rc8 15. Nd6+ Nxd6 16. exd6 Bxd6 17. Rxc8+ Bxc8 18. Qc1 Qc6 19. Bb5 1-0

[Event "Live Chess"]
[Site "Chess.com"]
[Date "2023.05.21"]
[Round "-"]
[White "Leonid_Starozhilov"]
[Black "YrrriKharkiv"]
[Result "1-0"]
[WhiteElo "2624"]
[BlackElo "2068"]
[TimeControl "300"]
[EndTime "7:03:24 PDT"]
[Termination "Leonid_Starozhilov won by resignation"]

1. e4 e6 2. d4 d5 3. e5 c5 4. c3 Qb6 5. Nf3 Nc6 6. a3 f6 7. Bd3 f5 8. b4 cxb4 9. axb4 Bd7 10. h4 g6 11. h5 Bg7 12. hxg6 hxg6 13. Rxh8 Bxh8 14. Bg5 Nge7 15. Nbd2 Qc7 16. Ke2 Kf7 17. Bf4 Rg8 18. Ng5+ Ke8 19. Nb3 b6 20. Qd2 Bg7 21.
b5 Nd8 22. Qa2 Qxc3 23. Rc1 Qb4 24. Bd2 1-0

[Event "Live Chess"]
[Site "Chess.com"]
[Date "2023.05.21"]
[Round "-"]
[White "jimwad"]
[Black "martinsmartin63"]
[Result "1-0"]
[WhiteElo "1220"]
[BlackElo "757"]
[TimeControl "300"]
[EndTime "7:03:26 PDT"]
[Termination "jimwad won by resignation"]

1. c4 Nf6 2. g3 e6 3. Bg2 d5 4. cxd5 c6 5. dxc6 Nxc6 6. Bxc6+ bxc6 7. Qc2 Bb7 8. Nf3 c5 9. Nc3 Be7 10. d3 O-O 11. Be3 Nd5 12. Nxd5 Bxd5 13. Bxc5 Bxc5 14. Qxc5 Qc8 15. Qxc8 Rfxc8 16. O-O Rc2 17. e4 Bb7 18. b4 Rac8 19. Nd4 Rd2 20. Rfd1 Re2 21. Nxe2 e5 22. Rac1 Rxc1 23. Rxc1 1-0

[Event "Live Chess"]
[Site "Chess.com"]
[Date "2023.05.21"]
[Round "-"]
[White "Bob2pen"]
[Black "tpm07"]
[Result "0-1"]
[WhiteElo "1828"]
[BlackElo "1952"]
[TimeControl "300"]
[EndTime "7:03:28 PDT"]
[Termination "tpm07 won by resignation"]

1. c4 e5 2. g3 c6 3. Bg2 d5 4. d4 e4 5. cxd5 cxd5 6. e3 Nc6 7.
Nc3 Nf6 8. Nge2 Bg4 9. O-O Qd7 10. Qb3 Be7 11. Nf4 Rd8 12. Bd2 g5 13. Nfe2 Bf3 14.
Rac1 O-O 15. Rfe1 Rb8 16. Na4 Qg4 17. Qd1 h5 18. Nac3 h4 19. h3 Qe6 20. Qb3 hxg3 21. Nxg3 g4 22. Bxf3 gxf3 23. Kh2 Kg7 24. Rg1 Rh8 25.
Nf5+ Kf8 26. Rg5 Na5 27. Qb5 Nc4 28. Rd1 a6 29. Qa4 Nd7 30. Nxe7 Qxh3+ 0-1

[Event "Live Chess"]
[Site "Chess.com"]
[Date "2023.05.21"]
[Round "-"]
[White "Biranidun"]
[Black "wadsy27"]
[Result "1-0"]
[WhiteElo "2525"]
[BlackElo "2545"]
[TimeControl "300"]
[EndTime "7:03:32 PDT"]
[Termination "Biranidun won on time"]

1. e4 e6 2. d4 d5 3. Nc3 Bb4 4. e5 c5 5. a3 Ba5 6. b4 cxd4 7. Qg4 Kf8 8. Nb5 Bb6 9. Nf3 Nc6 10. Bb2 Nge7 11.
Nbxd4 h5 12. Qf4 Ng6 13. Nxc6 bxc6 14. Qg3 h4 15. Qg4 a5 16. Bd3 h3 17. g3 axb4 18.
axb4 Rxa1+ 19. Bxa1 Ne7 20. O-O Nf5 21. Bxf5 exf5 22.
Qf4 Be6 23. Bd4 g6 24. Ra1 Kg7 25. Ra6 Bxd4 26. Nxd4 Re8 27. Rxc6 Qa8 28. Qc1 Qa4 29. c3 Bd7 30. Rc5 Qa8 31. Ra5 Qc8 32. f4 Qc4 33. Qd2 Rc8 34. Ra7 Bb5 35. Nxb5 Qxb5 36. e6 Qb6+ 37.
Qd4+ Qxd4+ 38. cxd4 Rc1+ 39. Kf2 Rc2+ 40. Kf3 Kf6 41. e7 Rc8 42. b5 Rb8 43. b6 Ke6 44. Rc7 Kd6 45. g4 f6 46. gxf5 gxf5 47. Kg3 Rh8 48. Kf3 Rg8 49. Ke3 Re8 50. Kd3 Rh8 51.
Kc3 Rb8 52. Kc2 Ke6 53. b7 Kd6 54. Rc8 1-0

[Event "Live Chess"]
[Site "Chess.com"]
[Date "2023.05.21"]
[Round "-"]
[White "Conradical12"]
[Black "zdanevych"]
[Result "0-1"]
[WhiteElo "1549"]
[BlackElo "1502"]
[TimeControl "300"]
[EndTime "7:03:34 PDT"]
[Termination "zdanevych won by resignation"]

1. e4 c5 2. Nf3 e6 3. Bc4 d5 4. exd5 exd5 5. Be2 Nf6 6. O-O Bd6 7. b3 O-O 8. Bb2 d4 9. d3 b6 10. c3 dxc3 11.
Nxc3 Bb7 12. Qc2 Nbd7 13. Rad1 Ne5 14. Nxe5 Bxe5 15. Ne4 Bxb2 16. Qxb2 Nxe4 17. dxe4 Qh4 18. Rd7 Bxe4 19. Bc4 Qg4 20. f3 Qxd7 21. fxe4 Qd4+ 22. Qxd4 cxd4 23. e5 Rad8 24. e6 fxe6 25. Bxe6+ Kh8 26. Rd1 Rf6 27. Bc4 g6 0-1

[Event "Live Chess"]
[Site "Chess.com"]
[Date "2023.05.21"]
[Round "-"]
[White "FailsGambits"]
[Black "LiamClery2020"]
[Result "0-1"]
[WhiteElo "1328"]
[BlackElo "1955"]
[TimeControl "300"]
[EndTime "7:03:53 PDT"]
[Termination "LiamClery2020 won by checkmate"]

1. e4 Nf6 2. d3 e5 3. Nc3 Bb4 4. Bd2 Nc6 5. a3 Bxc3 6. Bxc3 d5 7. exd5 Nxd5 8. Bd2 Bf5 9. Nf3 O-O 10. Be2 Re8 11.
O-O Bg4 12. h3 Bh5 13. Nh2 Bxe2 14. Qxe2 Nd4 15. Qd1 Qf6 16. Bc3 Nxc3 17. bxc3 Nc6 18. Re1 Rad8 19. Nf3 e4 20. Nd4 Nxd4 21. cxd4 Rxd4 22.
f3 e3 23. Qd2 Qe6 24. Qc3 Rd7 25. Rab1 b6 26. Rb4 f5 27. g4 c5 28. gxf5 Qxf5 29. Rg4 Qxf3 30. Qc4+ Kh8 31. Qb5 Qf2+ 32. Kh1 Qxe1+ 33. Kg2 Qf2+ 34. Kh1 e2 35. Qxd7 e1=Q+ 36. Rg1 Qexg1# 0-1

[Event "Live Chess"]
[Site "Chess.com"]
[Date "2023.05.21"]
[Round "-"]
[White "Doge_Dandolo"]
[Black "GEMdzq"]
[Result "0-1"]
[WhiteElo "1888"]
[BlackElo "2232"]
[TimeControl "300"]
[EndTime "7:03:55 PDT"]
[Termination "GEMdzq won by resignation"]

1. Nf3 c5 2. c4 Nc6 3. d4 cxd4 4. Nxd4 e5 5. Nc2 Nf6 6. g3 d5 7. cxd5 Qxd5 8. Bg2 Qxd1+ 9. Kxd1 Bf5 10. Ne3 O-O-O+ 11. Ke1 Bxb1 12. Rxb1 Bb4+ 13. Kf1 Rd6 14. a3 Bc5 15.
Bf3 e4 16. Bg2 Rhd8 17. Bh3+ Kb8 18. Kg2 Nd4 19. Re1 g6 20. b4 Bb6 21. Bb2 Nh5 22. Nc4 Rd5 23. Kg1 f5 24. Bg2 Bc7 25. f3 exf3 26. exf3 b5 27. Ne3 R5d7 28. f4 Bb6 29. Kf1 Nf6 30. Rbc1 Ne4 31. Nc2 Nb3 32. Be5+ Kb7 33.
Rb1 Nd2+ 34. Ke2 Nxb1 35. Rxb1 Rd2+ 0-1

[Event "Live Chess"]
[Site "Chess.com"]
[Date "2023.05.21"]
[Round "-"]
[White "JoRoSaR"]
[Black "Duke_of_Bebington"]
[Result "0-1"]
[WhiteElo "1670"]
[BlackElo "1556"]
[TimeControl "300"]
[EndTime "7:03:59 PDT"]
[Termination "Duke_of_Bebington won by resignation"]

1. e4 e5 2. Nf3 Nf6 3. Nxe5 d6 4.
Nf3 Nxe4 5. Be2 d5 6. O-O Be7 7.
Bd3 Nf6 8. Re1 O-O 9. c3 Bg4 10.
Be2 Nbd7 11. d4 c5 12. Be3 c4 13. Nbd2 Re8 14. h3 Bh5 15. Kh1 Bd6 16. g4 Bg6 17. Nh4 Rxe3 18. fxe3 Ne4 19. Nxe4 Bxe4+ 20. Ng2 Qh4 21.
Bf3 Qxh3+ 22. Kg1 Bxf3 23. Qd2 Qxg2+ 24. Qxg2 Bxg2 25. Kxg2 Nf6 26. Rf1 Ne4 27. Rf5 Ng3 28.
Rxd5 Bc7 29. e4 Nxe4 30. Re1 Nf6 31. Rc5 Bb6 32. Rxc4 Nxg4 33. Re7 Nf6 34. b4 h5 35. a4 a5 36. b5 Rd8 37. Rxb7 Nd5 38. Rc6 Re8 39.
c4 Ne3+ 40. Kf3 Bxd4 41. Rcc7 Nd5 42. Rxf7 Re3+ 43. Kg2 Re2+ 44. Kf1 Rd2 45. Rfd7 Bc3 46. Ra7 Ne3+ 47. Ke1 Rxd7+ 0-1

[Event "Live Chess"]
[Site "Chess.com"]
[Date "2023.05.21"]
[Round "-"]
[White "nigelst"]
[Black "ClassyChameleon"]
[Result "1-0"]
[WhiteElo "1697"]
[BlackElo "1083"]
[TimeControl "300"]
[EndTime "7:04:02 PDT"]
[Termination "nigelst won by resignation"]

1. e4 e5 2. Nf3 Nc6 3. Bb5 Nf6 4. O-O Bc5 5. c3 Bb6 6. d4 exd4 7. cxd4 d5 8. e5 Ne4 9. Bd3 O-O 10. Bxe4 dxe4 11. Ng5 Bxd4 12. Qh5 h6 13. Nxe4 Bxe5 14. Nbc3 Be6 15. Be3 Qe7 16. Rad1 Rad8 17. Nc5 Bxc3 18. bxc3 Bxa2 19. Nxb7 Rxd1 20. Rxd1 Bb3 21. Re1 a5 22. Nc5 a4 23. Qe2 Na5 24. Qb5 Nc4 25. Nxb3 Nxe3 26. Qxa4 Rd8 27. Nd4 Qg5 28. Rxe3 Qf4 29. g3 Qg4 30. Kg2 Qd1 31. Qxd1 Rxd4 32. Qxd4 c5 1-0

[Event "Live Chess"]
[Site "Chess.com"]
[Date "2023.05.21"]
[Round "-"]
[White "Tushinskiy"]
[Black "luckywookie"]
[Result "1-0"]
[WhiteElo "2221"]
[BlackElo "821"]
[TimeControl "300"]
[EndTime "7:04:06 PDT"]
[Termination "Tushinskiy won by checkmate"]

1. d4 c6 2. c3 d5 3. Nf3 e6 4. Bf4 c5 5. e3 Nc6 6. Bd3 Nf6 7.
Nbd2 e5 8. Nxe5 Nxe5 9. Bxe5 c4 10. Bc2 Bd6 11. Bg3 O-O 12. Qe2 Re8 13. O-O-O Bg4 14.
f3 Bd7 15. Bxd6 Bb5 16. Be5 Nd7 17. Bg3 f6 18. e4 Nb6 19. Qf2 Ba4 20. Rhe1 Bxc2 21.
Kxc2 a5 22. exd5 Re7 23. Rxe7 Qxe7 24. Re1 Qf7 25. d6 a4 26. a3 Nd5 27. Qe2 Qg6+ 28. Qe4 Qxe4+ 29. fxe4 Nb6 30. e5 fxe5 31. dxe5 Nd5 32. Nxc4 Rc8 33. Ne3 b5 34. Nxd5 b4 35. Ne7+ Kf7 36. Nxc8 bxc3 37. e6+ Kg6 38. e7 cxb2 39.
e8=Q+ Kg5 40. Re5+ Kg4 41. Qh5# 1-0

[Event "Live Chess"]
[Site "Chess.com"]
[Date "2023.05.21"]
[Round "-"]
[White "Chesscoach_Golichenko"]
[Black "NotHarryV"]
[Result "1-0"]
[WhiteElo "2623"]
[BlackElo "1520"]
[TimeControl "300"]
[EndTime "7:04:07 PDT"]
[Termination "Chesscoach_Golichenko won by checkmate"]

1. d4 Nf6 2. c4 e6 3. Nc3 Bb4 4. Qc2 c5 5. dxc5 Bxc5 6. Nf3 O-O 7. Bg5 d6 8. e4 Nbd7 9. a3 Qc7 10. Rd1 a6 11.
Bd3 Re8 12. O-O h6 13. Bf4 e5 14. Bc1 Nf8 15. Qe2 Ne6 16. b4 Ba7 17. Nd5 Nxd5 18. exd5 Nf4 19. Bxf4 exf4 20. Qxe8# 1-0

[Event "Live Chess"]
[Site "Chess.com"]
[Date "2023.05.21"]
[Round "-"]
[White "MartinWalker4"]
[Black "BillythekidFellowes"]
[Result "1-0"]
[WhiteElo "2081"]
[BlackElo "2089"]
[TimeControl "300"]
[EndTime "7:04:10 PDT"]
[Termination "MartinWalker4 won by resignation"]

1. e4 Nc6 2. Nf3 d6 3. Nc3 Nf6 4. d4 Bg4 5. d5 Nb8 6. Be2 g6 7. O-O Bg7 8. h3 Bxf3 9. Bxf3 Nbd7 10. Be3 Ne5 11. Be2 O-O 12. Qd2 Nfd7 13. f4 f5 14. fxe5 Nxe5 15. exf5 gxf5 16. Bh6 Qe8 17. Bxg7 Kxg7 18.
Qg5+ Ng6 19. Rxf5 h6 20. Rxf8 Qxf8 21. Qe3 Qf6 22. Rf1 Qh4 23. Qe4 Qg3 24. Bd3 Qg5 25. Qxg6+ 1-0

[Event "Live Chess"]
[Site "Chess.com"]
[Date "2023.05.21"]
[Round "-"]
[White "AbilifyXL"]
[Black "Ferrarifan27"]
[Result "1/2-1/2"]
[WhiteElo "1968"]
[BlackElo "2055"]
[TimeControl "300"]
[EndTime "7:04:17 PDT"]
[Termination "Game drawn by stalemate"]

1. d4 Nf6 2. c4 e6 3. Nf3 b6 4. a3 Bb7 5. Nc3 Be7 6. Bg5 O-O 7. e3 d6 8. Be2 Nbd7 9. O-O h6 10. Bh4 Ne4 11. Bxe7 Qxe7 12. Rc1 f5 13. Nxe4 fxe4 14. Nd2 Qf6 15. Bg4 e5 16. Bxd7 exd4 17. exd4 Qxd4 18. Be6+ Kh8 19. Bd5 Bxd5 20. cxd5 Qxd5 21.
Rxc7 Qf5 22. Nc4 d5 23. Ne3 Qe5 24. Rd7 Rfd8 25. Rxd5 Rxd5 26. Qxd5 Qxd5 27. Nxd5 Rd8 28. Ne3 Rd2 29. Rb1 b5 30. g4 Kh7 31. Kg2 Kg6 32. Kg3 Kf6 33. h4 g5 34. hxg5+ hxg5 35. b3 Rd3 36. a4 bxa4 37. bxa4 Ra3 38. Rb4 Ke5 39. Rb5+ Kd4 40. Ra5 a6 41. Rxa6 Kc3 42. a5 Kd2 43. Rd6+ Ke2 44. a6 Ke1 45. Kg2 Ra2 46. Rf6 Rxf2+ 47. Rxf2 1/2-1/2

[Event "Live Chess"]
[Site "Chess.com"]
[Date "2023.05.21"]
[Round "-"]
[White "davigator"]
[Black "Missedidea"]
[Result "1-0"]
[WhiteElo "2303"]
[BlackElo "1768"]
[TimeControl "300"]
[EndTime "7:04:18 PDT"]
[Termination "davigator won on time"]

1. e4 c5 2. Nf3 d6 3. d4 cxd4 4. Nxd4 Nf6 5. Nc3 g6 6. Be3 Bg7 7. f3 O-O 8. Qd2 Nc6 9. Bc4 Bd7 10. O-O-O Rc8 11. Bb3 Ne5 12. Rhe1 Nc4 13. Bxc4 Rxc4 14. Kb1 a6 15. Nde2 b5 16. b3 Rc8 17. g4 Be6 18. Nd5 Bxd5 19. exd5 Nd7 20. Bd4 Ne5 21. Rf1 Qc7 22.
Rf2 Bh6 23. Qc3 Qb7 24. Qb2 Qxd5 25. Rff1 Nxf3 26. Be3 Qe4 27. Bxh6 Ne5 28. Ng3 Qxg4 29. Bxf8 Kxf8 30. Qd4 Qxd4 31. Rxd4 h5 32. Ne4 Kg7 33. Kb2 f5 34. Nxd6 exd6 35. Rxd6 Rc6 36. Rd5 Kf6 37. h3 Nf7 38. Rg1 Nd6 39. Rg3 Ne4 40. Rgd3 Kg5 41.
Re3 Kf4 42. Rdd3 h4 43. Rf3+ Ke5 44. c3 g5 45. Rd8 g4 46. Re8+ Kf6 47. hxg4 Nd6 48. Re1 Kg5 49. gxf5 Nxf5 50. Rg1+ Ng3 51. Rf8 Re6 52. a4 Re2+ 53. Ka3 Rc2 54. axb5 axb5 55. Kb4 Kg4 56. Rg8+ Kf3 57. Rh8 Kg4 58. Rc8 Rb2 59.
Rg8+ Kf3 60. Rg5 Kf2 61. Ra1 Ne4 62. Rxb5 Nd2 63. Ka3 Rc2 64. c4 h3 65. Rh5 Kg2 66. Rg5+ Kf3 67. Rh1 1-0